| TOP OF THE 1ST |
|
Memphis Blues batting - Pitching for Arkansas Travelers : RHP Chris Bosio
|
|
Pitching: RHP Chris Bosio
|
|
|
Batting: RHB Mariano Duncan
|
0-0: Ball 1-0: Ball 2-0: Ball 3-0: Called Strike 3-1: Base on Balls
|
|
Batting: RHB Augustine Garrett
|
0-0: Ball 1-0: Called Strike 1-1: Foul Ball, location: 2F 1-2: Strikes out swinging
|
|
Batting: LHB David Christianson
|
0-0: Ball 1-0: Ball 2-0: Foul Ball, location: 2F 2-1: Called Strike 2-2: Ball Mariano Duncan steals 2nd base 3-2: Ground out 4-3 (Groundball, 4M, EV 102.5 MPH) Mariano Duncan to third
|
|
Batting: RHB Chris James
|
0-0: Swinging Strike 0-1: Ball 1-1: Foul Ball, location: 2F 1-2: Strikes out looking
|
| Top of the 1st over - 0 runs, 0 hits, 0 errors, 1 left on base; Memphis 0 - Arkansas 0 |
| BOTTOM OF THE 1ST |
|
Arkansas Travelers batting - Pitching for Memphis Blues : RHP Salvador Flores
|
|
Pitching: RHP Salvador Flores
|
|
|
Batting: RHB Randy Milligan
|
0-0: Ball 1-0: Foul Ball, location: 2F 1-1: Foul Ball, location: 2F 1-2: Ground out 4-3 (Groundball, 4, EV 106.9 MPH)
|
|
Batting: RHB Denny Gonzalez
|
0-0: Ball 1-0: Called Strike 1-1: Foul Ball, location: 2F 1-2: Ball 2-2: SINGLE (Groundball, 6M, EV 107.5 MPH)
|
|
Batting: LHB Phil Stephenson
|
0-0: Called Strike Denny Gonzalez is caught stealing 2nd base 2-6 0-1: Swinging Strike 0-2: Ball 1-2: Ball 2-2: Strikes out swinging
|
| Bottom of the 1st over - 0 runs, 1 hit, 0 errors, 0 left on base; Memphis 0 - Arkansas 0 |
| TOP OF THE 2ND |
|
Memphis Blues batting - Pitching for Arkansas Travelers : RHP Chris Bosio
|
|
Batting: RHB Randy Filkins
|
0-0: Foul Ball, location: 2F 0-1: Swinging Strike 0-2: Strikes out looking
|
|
Batting: LHB Don Jacoby
|
0-0: Ball 1-0: Ball 2-0: Ball 3-0: Called Strike 3-1: Called Strike 3-2: Strikes out looking
|
|
Batting: RHB Dave Penniall
|
0-0: Ball 1-0: Ball 2-0: SINGLE (Line Drive, 4D, EV 99.4 MPH)
|
|
Batting: RHB Bradley Shames
|
0-0: Called Strike 0-1: Fly out, F4 (Line Drive, 4, EV 72.5 MPH)
|
| Top of the 2nd over - 0 runs, 1 hit, 0 errors, 1 left on base; Memphis 0 - Arkansas 0 |
| BOTTOM OF THE 2ND |
|
Arkansas Travelers batting - Pitching for Memphis Blues : RHP Salvador Flores
|
|
Batting: SHB Bobby Bonilla
|
0-0: Called Strike 0-1: Called Strike 0-2: Strikes out swinging
|
|
Batting: LHB Dave Magadan
|
0-0: Called Strike 0-1: Ball 1-1: Fly out, F8 (Flyball, 89S, EV 79.4 MPH)
|
|
Batting: SHB Bob Meacham
|
0-0: Called Strike 0-1: Foul Ball, location: 2F 0-2: Ball 1-2: Strikes out swinging
|
| Bottom of the 2nd over - 0 runs, 0 hits, 0 errors, 0 left on base; Memphis 0 - Arkansas 0 |
| TOP OF THE 3RD |
|
Memphis Blues batting - Pitching for Arkansas Travelers : RHP Chris Bosio
|
|
Batting: RHB William Muth
|
0-0: Ball 1-0: Foul Ball, location: 2F 1-1: Called Strike 1-2: Fly out, F6 (Popup, 6MS, EV 55.6 MPH)
|
|
Batting: RHB Mariano Duncan
|
0-0: Swinging Strike 0-1: Ball 1-1: Swinging Strike 1-2: Ball 2-2: Foul Ball, location: 2F 2-2: Strikes out swinging
|
|
Batting: RHB Augustine Garrett
|
0-0: Ball 1-0: Called Strike 1-1: Ground out 6-3 (Groundball, 6, EV 93.1 MPH)
|
| Top of the 3rd over - 0 runs, 0 hits, 0 errors, 0 left on base; Memphis 0 - Arkansas 0 |
| BOTTOM OF THE 3RD |
|
Arkansas Travelers batting - Pitching for Memphis Blues : RHP Salvador Flores
|
|
Batting: LHB Jesus Marinez
|
0-0: Foul Ball, location: 2F 0-1: Fly out, F8 (Line Drive, 8RM, EV 95.6 MPH)
|
|
Batting: RHB Rob Deer
|
0-0: Ball 1-0: Foul Ball, location: 2F 1-1: Called Strike 1-2: Ball 2-2: Ground out 1-3 (Groundball, P, EV 61.9 MPH)
|
|
Batting: RHB Alex Duarte
|
0-0: Ball 1-0: Ground out 5-3 (Groundball, 56S, EV 93.1 MPH)
|
| Bottom of the 3rd over - 0 runs, 0 hits, 0 errors, 0 left on base; Memphis 0 - Arkansas 0 |
| TOP OF THE 4TH |
|
Memphis Blues batting - Pitching for Arkansas Travelers : RHP Chris Bosio
|
|
Batting: LHB David Christianson
|
0-0: Ball 1-0: Called Strike 1-1: Ball 2-1: Ball 3-1: Base on Balls
|
|
Batting: RHB Chris James
|
0-0: Called Strike 0-1: Hit by Pitch David Christianson to second
|
|
Batting: RHB Randy Filkins
|
0-0: Called Strike 0-1: Called Strike 0-2: Ball 1-2: Strikes out swinging
|
|
Batting: LHB Don Jacoby
|
0-0: Called Strike 0-1: Ball 1-1: Called Strike 1-2: Foul Ball, location: 2F 1-2: Ball 2-2: Foul Ball, location: 2F 2-2: Fielders Choice at 2nd, 4-6 (Groundball, 4, EV 101.3 MPH) David Christianson to third
|
|
Batting: RHB Dave Penniall
|
0-0: Called Strike 0-1: Swinging Strike 0-2: Ball 1-2: Ground out 4-3 (Groundball, 34, EV 87.5 MPH)
|
| Top of the 4th over - 0 runs, 0 hits, 0 errors, 2 left on base; Memphis 0 - Arkansas 0 |
| BOTTOM OF THE 4TH |
|
Arkansas Travelers batting - Pitching for Memphis Blues : RHP Salvador Flores
|
|
Batting: RHB Randy Milligan
|
0-0: Called Strike 0-1: Called Strike 0-2: Strikes out swinging
|
|
Batting: RHB Denny Gonzalez
|
0-0: Ball 1-0: Ball 2-0: Ball 3-0: Base on Balls
|
|
Batting: LHB Phil Stephenson
|
0-0: Ball 1-0: Foul Ball, location: 2F 1-1: Foul Ball, location: 2F 1-2: Grounds into double play, 4-6-3 (Groundball, 4, EV 84.4 MPH)
|
| Bottom of the 4th over - 0 runs, 0 hits, 0 errors, 0 left on base; Memphis 0 - Arkansas 0 |
| TOP OF THE 5TH |
|
Memphis Blues batting - Pitching for Arkansas Travelers : RHP Chris Bosio
|
|
Batting: RHB Bradley Shames
|
0-0: Ground out 6-3 (Groundball, 6, EV 76.3 MPH)
|
|
Batting: RHB William Muth
|
0-0: Ball 1-0: Ball 2-0: Foul Ball, location: 2F 2-1: Called Strike 2-2: Foul Ball, location: 2F 2-2: SINGLE (Groundball, 6MD, EV 104.4 MPH)
|
|
Batting: RHB Mariano Duncan
|
0-0: Called Strike 0-1: Grounds into double play, 6-4-3 (Groundball, 6MD, EV 77.5 MPH)
|
| Top of the 5th over - 0 runs, 1 hit, 0 errors, 0 left on base; Memphis 0 - Arkansas 0 |
| BOTTOM OF THE 5TH |
|
Arkansas Travelers batting - Pitching for Memphis Blues : RHP Salvador Flores
|
|
Batting: SHB Bobby Bonilla
|
0-0: Called Strike 0-1: Foul Ball, location: 2F 0-2: Ball 1-2: Ball 2-2: SINGLE (Groundball, 4M, EV 80.0 MPH) (infield hit)
|
|
Batting: LHB Dave Magadan
|
0-0: Ball 1-0: Called Strike 1-1: Ball 2-1: Foul Ball, location: 2F 2-2: Ball 3-2: Reached on error, E5 (Groundball, 56, EV 108.8 MPH) Bobby Bonilla to third
|
|
Batting: SHB Bob Meacham
|
0-0: Ball 1-0: Swinging Strike 1-1: Ground out 5-3 (Groundball, 5, EV 81.9 MPH)
|
|
Batting: LHB Jesus Marinez
|
0-0: Ball 1-0: Called Strike 1-1: Ball 2-1: Ball 3-1: Swinging Strike 3-2: Base on Balls
|
|
Batting: RHB Rob Deer
|
0-0: Ball 1-0: Grounds into double play, 4-6-3 (Groundball, 4S, EV 80.6 MPH)
|
| Bottom of the 5th over - 0 runs, 1 hit, 1 error, 2 left on base; Memphis 0 - Arkansas 0 |
| TOP OF THE 6TH |
|
Memphis Blues batting - Pitching for Arkansas Travelers : RHP Chris Bosio
|
|
Batting: RHB Augustine Garrett
|
0-0: Ball 1-0: Fly out, F3 (Popup, 3SF, EV 85.6 MPH)
|
|
Batting: LHB David Christianson
|
0-0: SINGLE (Groundball, 34D, EV 94.4 MPH)
|
|
Batting: RHB Chris James
|
0-0: Foul Ball, location: 2F 0-1: Ball 1-1: Ball 2-1: Fly out, F6 (Flyball, 6D, EV 78.1 MPH)
|
|
Batting: RHB Randy Filkins
|
0-0: Foul Ball, location: 2F 0-1: Ball 1-1: 2-RUN HOME RUN (Flyball, 7D, EV 91.3 MPH), Distance : 370 ft
|
|
Batting: LHB Don Jacoby
|
0-0: Called Strike 0-1: Ball 1-1: Called Strike 1-2: Foul Ball, location: 2F 1-2: Ball 2-2: Strikes out swinging
|
| Top of the 6th over - 2 runs, 2 hits, 0 errors, 0 left on base; Memphis 2 - Arkansas 0 |
| BOTTOM OF THE 6TH |
|
Arkansas Travelers batting - Pitching for Memphis Blues : RHP Salvador Flores
|
|
Batting: RHB Alex Duarte
|
0-0: Called Strike 0-1: Swinging Strike 0-2: Ball 1-2: DOUBLE (Line Drive, 8RD, EV 98.8 MPH)
|
|
Batting: RHB Randy Milligan
|
0-0: Ball 1-0: Ball Wild Pitch! Alex Duarte to third 2-0: Ball 3-0: Base on Balls
|
|
Batting: RHB Denny Gonzalez
|
0-0: Called Strike 0-1: Ball 1-1: Called Strike 1-2: Strikes out looking
|
|
Batting: LHB Phil Stephenson
|
0-0: Ground out U3 (Groundball, 34, EV 104.4 MPH) Randy Milligan to second
|
|
Batting: SHB Bobby Bonilla
|
0-0: Foul Ball, location: 2F 0-1: Ball 1-1: Ball 2-1: SINGLE (Groundball, 4MD, EV 97.5 MPH) Alex Duarte scores Randy Milligan to third Runner from 3rd tries for Home, SAFE, throw by CF to home
|
|
Batting: LHB Dave Magadan
|
0-0: Called Strike 0-1: Ball 1-1: Ball 2-1: Ball 3-1: Base on Balls Bobby Bonilla to second
|
|
Batting: SHB Bob Meacham
|
0-0: Ground out 5-3 (Groundball, 56, EV 108.8 MPH)
|
| Bottom of the 6th over - 2 runs, 2 hits, 0 errors, 2 left on base; Memphis 2 - Arkansas 2 |
| TOP OF THE 7TH |
|
Memphis Blues batting - Pitching for Arkansas Travelers : RHP Chris Bosio
|
|
Batting: RHB Dave Penniall
|
0-0: Foul Ball, location: 2F 0-1: Foul Ball, location: 2F 0-2: SINGLE (Line Drive, 8RS, EV 87.5 MPH)
|
|
Batting: RHB Bradley Shames
|
0-0: Ball 1-0: Ball 2-0: Grounds into double play, 6-4-3 (Groundball, 6, EV 78.8 MPH)
|
|
Batting: RHB William Muth
|
0-0: Swinging Strike 0-1: Foul Ball, location: 2F 0-2: Ball 1-2: Strikes out swinging, 2-3 out at first.
|
| Top of the 7th over - 0 runs, 1 hit, 0 errors, 0 left on base; Memphis 2 - Arkansas 2 |
| BOTTOM OF THE 7TH |
|
Arkansas Travelers batting - Pitching for Memphis Blues : RHP Salvador Flores
|
|
Batting: LHB Jesus Marinez
|
0-0: Ball 1-0: Fly out, F7 (Flyball, 7LD, EV 102.5 MPH)
|
|
Batting: RHB Rob Deer
|
0-0: Ball 1-0: Ball 2-0: Ball 3-0: Base on Balls
|
|
Batting: RHB Alex Duarte
|
0-0: Called Strike 0-1: Fly out, F8 (Line Drive, 8LM, EV 93.1 MPH)
|
|
Batting: RHB Randy Milligan
|
0-0: Ball 1-0: Ground out 5-3 (Groundball, 56, EV 87.5 MPH)
|
| Bottom of the 7th over - 0 runs, 0 hits, 0 errors, 1 left on base; Memphis 2 - Arkansas 2 |
| TOP OF THE 8TH |
|
Memphis Blues batting - Pitching for Arkansas Travelers : RHP Chris Bosio
|
|
Batting: RHB Mariano Duncan
|
0-0: Ball 1-0: Ball 2-0: Called Strike 2-1: Ground out 5-3 (Groundball, 15, EV 88.1 MPH)
|
|
Batting: RHB Augustine Garrett
|
0-0: Ball 1-0: Swinging Strike 1-1: Ball 2-1: Fly out, F5 (Popup, 5F, EV 75.6 MPH)
|
|
Batting: LHB David Christianson
|
0-0: Ball 1-0: Swinging Strike 1-1: Ball 2-1: Ball 3-1: Foul Ball, location: 2F 3-2: Strikes out looking
|
| Top of the 8th over - 0 runs, 0 hits, 0 errors, 0 left on base; Memphis 2 - Arkansas 2 |
| BOTTOM OF THE 8TH |
|
Arkansas Travelers batting - Pitching for Memphis Blues : RHP Salvador Flores
|
|
Batting: RHB Denny Gonzalez
|
0-0: Called Strike 0-1: Swinging Strike 0-2: Ball 1-2: Strikes out swinging
|
|
Batting: LHB Phil Stephenson
|
0-0: Ball 1-0: Foul Ball, location: 2F 1-1: Swinging Strike 1-2: Ball 2-2: Ball 3-2: Fly out, F9 (Flyball, 89D, EV 102.5 MPH)
|
|
Batting: SHB Bobby Bonilla
|
0-0: Called Strike 0-1: Swinging Strike 0-2: SINGLE (Groundball, 4MD, EV 110.0 MPH)
|
|
Batting: LHB Dave Magadan
|
0-0: Ball 1-0: Ball 2-0: Foul Ball, location: 2F 2-1: Fielders Choice at 2nd, 6-4 (Groundball, 6, EV 83.8 MPH)
|
| Bottom of the 8th over - 0 runs, 1 hit, 0 errors, 1 left on base; Memphis 2 - Arkansas 2 |
| TOP OF THE 9TH |
|
Memphis Blues batting - Pitching for Arkansas Travelers : RHP Chris Bosio
|
|
Pitching: LHP Claude Brodeur
|
|
|
Batting: RHB Chris James
|
0-0: Foul Ball, location: 2F 0-1: Foul Ball, location: 2F 0-2: Strikes out looking
|
|
Batting: RHB Randy Filkins
|
0-0: Ball 1-0: Called Strike 1-1: Foul Ball, location: 2F 1-2: Ball 2-2: Strikes out swinging
|
|
Batting: LHB Don Jacoby
|
0-0: Swinging Strike 0-1: Foul Ball, location: 2F 0-2: Foul Ball, location: 2F 0-2: Strikes out swinging
|
| Top of the 9th over - 0 runs, 0 hits, 0 errors, 0 left on base; Memphis 2 - Arkansas 2 |
| BOTTOM OF THE 9TH |
|
Arkansas Travelers batting - Pitching for Memphis Blues : RHP Salvador Flores
|
|
Batting: SHB Bob Meacham
|
0-0: SOLO HOME RUN (Line Drive, 9LD, EV 108.1 MPH), Distance : 360 ft
|
| Bottom of the 9th over - 1 run, 1 hit, 0 errors, 0 left on base; Memphis 2 - Arkansas 3 |
|